 Dungeon Crawl Stone Soup version 0.29.1-14-g9c671dbff4 (webtiles) character file.

Game seed: 7852409079915520846

4 Descartes the Ducker (level 1, -2/10 HPs)
             Began as a Felid Monk on Feb 17, 2023.
             Slain by a hobgoblin (4 damage)
             ... on level 1 of the Dungeon.
             The game lasted 00:00:27 (102 turns).

Descartes the Ducker (Felid Monk)                    Turns: 102, Time: 00:00:28

Health: -2/10      AC:  1    Str:  7    XL:     1   Next: 50%
Magic:  2/2        EV: 19    Int: 11    God:
Gold:   0          SH:  0    Dex: 18    Spells: 0/0 levels left
                                        Lives:  0   Deaths: 0

rFire   . . .      SeeInvis +     - Unarmed
rCold   . . .      Faith    .   (shield unavailable)
rNeg    . . .      Spirit   .   (body armour unavailable)
rPois   .          Reflect  .   (helmet unavailable)
rElec   .          Harm     .   (cloak unavailable)
rCorr   .          Rampage  .   (gloves unavailable)
Will    .....                   (boots unavailable)
Stlth   ++........              (no amulet)
HPRegen 0.03/turn               (no ring)
MPRegen 0.08/turn               (no ring)

@: quick
A: very small, claws 1, fangs 3, see invisible, speed 1, shaggy fur 1, stealthy
paws, no weapons or thrown items, no armour, multi-lived
a: no special abilities


You were on level 1 of the Dungeon.
You visited 1 branch of the dungeon, and saw 1 of its levels.

Inventory:

Potions
 a - a potion of ambrosia
 b - a potion of lignification {unknown}
 c - a potion of might {unknown}


   Skills:
 - Level 3.0 Fighting
 + Level 4.1 Dodging
 * Level 3.0 Stealth
 + Level 3.0 Unarmed Combat


You couldn't memorise any spells.
You didn't know any spells.
Your spell library was empty.

Dungeon Overview and Level Annotations

Branches:
Dungeon (1/15)

Altars:


Innate Abilities, Weirdness & Mutations

You have sharp claws.
You have razor-sharp teeth.
You have supernaturally acute eyesight. (SInv)
You cover ground quickly. (Speed+)
You are covered in fur. (AC +1)
Your paws help you pounce on unaware monsters.
You are incapable of wielding weapons or throwing items.
You cannot wear armour.
You gain extra lives every three experience levels.


Message History

You barely miss the hobgoblin. The hobgoblin hits you.
You closely miss the hobgoblin. The hobgoblin hits you.
Ouch! That really hurt!
* * * LOW HITPOINT WARNING * * *
You are too injured to fight recklessly!
You are too injured to fight recklessly!
You are too injured to fight recklessly!
You are too injured to fight recklessly!
You are too injured to fight recklessly!
You are too injured to fight recklessly!
You are too injured to fight recklessly!
You are too injured to fight recklessly!
You are too injured to fight recklessly!
You are too injured to fight recklessly!
You are too injured to fight recklessly!
You are too injured to fight recklessly!
Unknown command.
You see here a +0 dagger.
The endoplasm quivers.
A quokka comes into view.
Found a bubbling emerald potion.
You see here a bubbling emerald potion.
c - a bubbling emerald potion A rat comes into view.
A quokka comes into view.
The helpless quokka fails to defend itself.
You claw the quokka!
You kill the quokka!
Your Stealth skill increases to level 3!
Unknown command.
Found 11 gold pieces.
The rat completely misses you.
You scratch the rat.
You kill the rat!
A goblin comes into view. It is wielding a +0 club.
Found a barding.
You see here 11 gold pieces.
The goblin barely misses you.
You barely miss the goblin. The goblin misses you. The hobgoblin hits you.
You die...

# #.#.. ## ###
.###.#.##.##. . ..###
............g #[ #.#....
.....#.### #.##.#.#. ###
#.#.. .........# #.#..
#..#.#..# #.#.P
#.####..#g#..# #.###
.......$@.#..##### #J#.P
#.####.g#.#......# #.#(.
#.####.J###......# #g#..
...........†.....# #.###
..#####.....#### #.#..
.##...........######.#<.
......................#.P
#.........#.##.##########
#.##.####.#.##.# #..


You could see an endoplasm, a hobgoblin and a goblin.

Vanquished Creatures
  A goblin (D:1)
  A quokka (D:1)
  A kobold (D:1)
  A rat (D:1)
4 creatures vanquished.

Notes
Turn   | Place    | Note
-------+----------+-------------------------------------------
     0 | D:1      | Descartes the Felid Monk began the quest for the Orb.
     0 | D:1      | Reached XP level 1. HP: 10/10 MP: 2/2
   102 | D:1      | Slain by a hobgoblin

Illustrated notes

Levels and vault maps discovered:
D:1:      dpeg_arrival_prison, layout_basic, minmay_misc_feat_rows

Skill      XL: |  1 |
---------------+----+-----
Stealth        | 3 |  3.0
Fighting       | |  3.0
Dodging        | |  4.1
Unarmed Combat | |  3.0

Action                   || total
-------------------------++-------
Melee: Unarmed           ||     8
 Stab: Sleeping          ||     3
Dodge: Dodged            ||     5
